 Dungeon Crawl Stone Soup version 0.30-a0-6-g7c9e10e132 (webtiles) character file.

Game seed: 13262417249988390907

56199 siradein the Fighter (level 14, -4/121 HPs)
             Began as a Demonspawn Cinder Acolyte on Aug 23, 2022.
             Was a Priest of Jiyva.
             Slain by Donald
             ... wielding a +2 demon trident of electrocution
              (11 damage)
             ... on level 1 of the Orcish Mines.
             The game lasted 00:57:01 (26905 turns).

siradein the Fighter (Demonspawn Cinder Acolyte)   Turns: 26905, Time: 00:57:03

Health: -4/121     AC: 21    Str: 24      XL:     14   Next: 41%
Magic:  23/23      EV: 12    Int: 13 (15) God:    Jiyva [***...]
Gold:   905        SH:  7    Dex:  9      Spells: 15/15 levels left

rFire   . . .      SeeInvis +    x - +3 demon whip (venom)
rCold   + . .      Faith    .    R - +0 buckler
rNeg    + + .      Spirit   .    E - +2 plate armour of Puuz {rPois rF- rN++ Str+4}
rPois   +          Reflect  +    P - +1 helmet
rElec   .          Harm     .    v - +2 cloak
rCorr   +          Rampage  .    (no gloves)
Will    +....                    (boots unavailable)
Stlth   ..........               w - amulet of Egalitarianism {Reflect rF+ SH+5}
HPRegen 1.42/turn                B - ring of see invisible
MPRegen 0.53/turn                J - ring of the Shouting Gods {rF+ rC+ SInv}

@: agile, slimy, studying 2 skills, fire susceptible
A: hooves 3, thin metallic scales 2, demonic guardian 2, powered by pain 1,
screaming 1, pseudopods 3, subdued magic 1, engulf
a: Renounce Religion, Oozemancy


You were on level 1 of the Orcish Mines.
You worshipped Jiyva.
Jiyva was most pleased with you.
You visited 3 branches of the dungeon, and saw 19 of its levels.
You also visited: Ice Cave.

You collected 2217 gold pieces.
You spent 1312 gold pieces at shops.

Inventory:

Hand Weapons
 x - a +3 demon whip of venom (weapon)
 O - a +2 arbalest of flaming
Missiles
 j - a throwing net (quivered)
 H - 3 silver javelins
Armour
 i - a scarf of resistance
 v - a +2 cloak (worn)
 E - the +2 plate armour of Puuz (worn) {rPois rF- rN++ Str+4}
   (You found it on level 9 of the Dungeon)

   Str:       It affects your strength (+4).
   rF:        It makes you vulnerable to fire.
   rPois:     It protects you from poison.
   rN:        It greatly protects you from negative energy.
 P - a +1 helmet (worn)
 R - a +0 buckler (worn)
Jewellery
 t - a ring of flight
 w - the amulet of Egalitarianism (around neck) {Reflect rF+ SH+5}
   (You bought it in a shop on level 1 of the Dungeon)

   [amulet of reflection]

   It reflects blocked missile attacks.
   rF:        It protects you from fire.
   SH:        It affects your SH (+5).
 B - a ring of see invisible (left hand)
 C - a ring of poison resistance
 J - the ring of the Shouting Gods (right hand) {rF+ rC+ SInv}
   (You bought it in a shop on level 1 of the Dungeon)

   [ring of protection from fire]

   rF:        It protects you from fire.
   rC:        It protects you from cold.
   SInv:      It lets you see invisible.
 Q - the ring "Tokh" {rN+ Int+6}
   (You found it on level 12 of the Dungeon)

   [ring of intelligence]

   Int:       It affects your intelligence (+6).
   rN:        It protects you from negative energy.
Wands
 n - a wand of flame (28)
 o - a wand of roots (21)
 s - a wand of digging (5)
 y - a wand of quicksilver (3)
 G - a wand of mindburst (10)
 L - a wand of paralysis (15)
Scrolls
 a - 2 scrolls of fear
 g - 5 scrolls of immolation
 m - a scroll of magic mapping
 r - a scroll of poison
 F - a scroll of amnesia
 I - 4 scrolls of teleportation
 M - 2 scrolls of butterflies {unknown}
Potions
 b - 7 potions of curing
 c - 2 potions of might
 d - 4 potions of heal wounds
 e - a potion of resistance
 f - 4 potions of brilliance
 h - a potion of flight
 k - 4 potions of invisibility
 p - 5 potions of mutation {unknown}
 q - 4 potions of berserk rage
 z - 3 potions of haste {unknown}
 A - 2 potions of lignification
 D - a potion of cancellation {unknown}
 K - 3 potions of magic
Miscellaneous
 l - a condenser vane
 u - a phial of floods
 N - a lightning rod (4/4)


   Skills:
 + Level 14.6 Fighting
 + Level 13.7 Maces & Flails
 + Level 11.7 Armour
 + Level 0.0 Shields
 - Level 1.0 Spellcasting
 - Level 2.6 Fire Magic
 + Level 12.6 Invocations


You had 15 spell levels left.
You didn't know any spells.
Your spell library contained the following spells:

 Spells                   Type           Power      Damage    Failure   Level
 Scorch                   Fire           10%        2d6       86%         2
 Apportation              Tloc           0%         N/A       98%         1
 Necrotise                Necr           0%         1d4       98%         1
 Sandblast                Erth           0%         2d4       98%         1
 Shock                    Conj/Air       0%         1d3       98%         1
 Sting                    Tmut/Pois      0%         1d3       98%         1
 Summon Small Mammal      Summ           0%         N/A       98%         1
 Passwall                 Tmut/Erth      0%         N/A       99%         2
 Poisonous Vapours        Pois/Air       0%         N/A       99%         2
 Inner Flame              Hex/Fire       3%         N/A       99%         3
 Confusing Touch          Hex            0%         N/A       100%        3
 Frozen Ramparts          Ice            0%         1d1       100%        3
 Stone Arrow              Conj/Erth      0%         3d7       100%        3
 Swiftness                Air            0%         N/A       100%        3
 Airstrike                Air            0%         2d(0-16)  100%        4
 Cause Fear               Hex            0%         N/A       100%        4
 Ice Form                 Ice/Tmut       0%         N/A       100%        4
 Olgreb's Toxic Radiance  Pois           0%         N/A       100%        4
 Summon Ice Beast         Ice/Summ       0%         N/A       100%        4
 Freezing Cloud           Conj/Ice/Air   0%         6-21      100%        5
 Yara's Violent Unravell  Hex/Tmut       0%         3d3       100%        5
 Simulacrum               Ice/Necr       0%         N/A       100%        6
 Enfeeble                 Hex            0%         N/A       100%        7
 Borgnjor's Revivificati  Necr           0%         N/A       100%        8
 Discord                  Hex            0%         N/A       100%        8
 Necromutation            Tmut/Necr      0%         N/A       100%        8
 Death's Door             Necr           0%         N/A       100%        9
 Polar Vortex             Ice            0%         N/A       100%        9


Dungeon Overview and Level Annotations

Branches:
Dungeon (12/15)            Temple (0/1) D:5            Lair (5/5) D:9
  Swamp (0/4) Lair:2       Spider (0/4) Lair:2        Slime (0/5) Lair:4
    Orc (2/2) D:12            Elf (0/3) Orc:2         IceCv (visited)

Altars:
Dithmenos
Fedhas
Gozag
Nemelex Xobeh
Ru
Uskayaw
Vehumet
Xom
Jiyva

Shops:
D:1 ?:*(=   D:3 *   D:7 *   D:8 *

Annotations:
Orc:1 Donald


Innate Abilities, Weirdness & Mutations

You have hooves in place of feet.
You are mostly covered in thin metallic scales. (AC +3)
A demonic guardian rushes to your aid.
You sometimes gain a little power by taking damage.
You occasionally shout uncontrollably at your foes.
Armour fits poorly on your massive pseudopods.
Your spells are a little easier to cast, but a little less powerful.
Your melee attacks may engulf your foes in ooze.


Message History

You whack Donald!
Donald looks as sick as possible!
Donald blocks your attack.
Donald is heavily wounded.
Your orange demon stings the gnoll from afar!
The gnoll is poisoned.
Your orange demon poisons the gnoll!
Donald hits you with a +2 demon trident of electrocution!!!
You are electrocuted!!
* * * LOW HITPOINT WARNING * * *
The gnoll hits you but does no damage.
A thick mucus forms on your +3 demon whip of venom.
Donald says, "Ah.
That explains where all the items went."
Donald hits you with a +2 demon trident of electrocution!!
* * * LOW HITPOINT WARNING * * *
You focus on the pain.
You feel agile all of a sudden.
You are electrocuted!
* * * LOW HITPOINT WARNING * * *
You focus on the pain.
You feel your power returning.
Your orange demon stings the gnoll from afar!
The gnoll dies!
You feel much better.
Donald blocks your orange demon's attack. x2
Donald says, "The people that built this place?
They must be crazy."
Donald hits your orange demon with a +2 demon trident of electrocution!!
Lightning courses through your orange demon!
You swap places.
Donald blocks your orange demon's attack.
Your orange demon hits Donald but does no damage.
Donald hits your orange demon with a +2 demon trident of electrocution!!
Your orange demon dies!
Your orange demon disappears in a puff of smoke!
Donald shouts!
Things that are here:
a +0 flail; a gnoll corpse A thick mucus forms on your +3 demon whip of venom.
You can no longer turn your foes to slime.
Donald says, "I asked for directions to the rune, but they belched at me."
Donald hits you with a +2 demon trident of electrocution!!
* * * LOW HITPOINT WARNING * * *
You focus on the pain.
You feel your power returning.
You are electrocuted!
You die...

#### #..##
##..###
##..†..#
##..#.<.#
####..##...##
##[#@.#.#....##
#)>@..####....#
##.#...####...#
###..........#
#.......####
##.#...##
####.## #...#
##.##


You could see Donald (strong, extremely poisoned).

Vanquished Creatures
  A frost giant (D:12)
  The ghost of gdog the Covert, a journeyman GnDe of Gozag (D:12)
  An ettin (D:12)
  4 boulder beetles
  A yaktaur captain (D:12)
  A two-headed ogre (D:12)
  An anaconda (shapeshifter) (D:12)
  An ogre mage (D:12)
  Erica (D:9)
  4 hydras
  Amaemon (Lair:3)
  A bog body (Lair:2)
  A deep elf pyromancer (D:12)
  3 ugly things
  2 manticores
  3 ice statues
  9 cane toads
  A black mamba (Lair:3)
  3 elephants (Lair:4)
  A torpor snail (Lair:4)
  3 gargoyles
  An orange demon (Lair:3)
  Maggie (D:10)
  3 rime drakes
  A kobold demonologist (D:12)
  The ghost of SensoryNuts the Chopper, a novice GrFi of Gozag (D:5)
  A freezing wraith (IceCv)
  6 komodo dragons
  2 trolls
  4 polar bears (Lair:5)
  7 blink frogs
  7 dream sheep (Lair:4)
  7 hornets (Lair:5)
  A jumping spider (Lair:2)
  2 shadows
  Sigmund (D:3)
  12 spriggans (Lair:5)
  A wraith (D:10)
  Eustachio (D:6)
  2 basilisks
  A human (D:12)
  56 yaks
  5 wyverns
  3 hogs (D:12)
  17 fire elementals
  3 neqoxecs (D:12)
  A redback (D:12)
  4 vampire mosquitoes (D:10)
  4 steam dragons
  A harpy simulacrum (IceCv)
  3 wargs
  20 water moccasins
  3 orc warriors
  2 ice beasts
  4 black bears
  2 ogres (D:7)
  20 wolves
  3 boggarts (Lair:5)
  6 centaurs
  2 phantoms
  10 bullfrogs
  A necrophage (D:4)
  A gnoll sergeant (D:12)
  3 scorpions
  2 cane toad simulacra (IceCv)
  6 wights
  An elephant simulacrum (IceCv)
  5 howler monkeys
  4 jellies
  2 quasits (D:12)
  3 hounds
  10 orc priests
  Jessica (D:3)
  2 iguanas
  Ijyb (D:3)
  13 orc wizards
  A polar bear simulacrum (IceCv)
  6 gnolls
  3 adders
  3 white imps
  An ufetubus (D:6)
  2 worms
  A dart slug (D:3)
  42 orcs
  4 ball pythons (D:1)
  6 bats
  5 endoplasms
  2 giant cockroaches
  4 goblins (D:1)
  7 hobgoblins
  3 jackals (D:1)
  13 kobolds
  3 quokkas
  2 frilled lizards
  2 rats
440 creatures vanquished.

Vanquished Creatures (collateral kills)
  Rupert (Lair:4)
  Nessos (Lair:4)
  2 boulder beetles
  A two-headed ogre (D:11)
  A bog body (Lair:2)
  A cane toad (Lair:1)
  A yak (Lair:1)
  Edmund (D:6)
  3 water moccasins
  An orc warrior (D:10)
  An ogre (D:5)
  A kobold brigand (D:6)
  A bullfrog (Lair:3)
  3 wights (D:7)
  A gnoll (Orc:1)
  An orc (D:4)
  A goblin (D:2)
  A hobgoblin (D:2)
  A jackal (D:1)
  2 kobolds
  A quokka (D:1)
  A ball python (D:1)
  A butterfly (D:4)
29 creatures vanquished.

Vanquished Creatures (others)
  A great orb of eyes (D:12)
  A neqoxec (D:12)
  A black bear (Lair:5)
  A quasit (D:12)
  29 jellies
  2 orc priests
  58 fungi
  48 plants
141 creatures vanquished.

Grand Total: 610 creatures vanquished

Notes
Turn   | Place    | Note
-------+----------+-------------------------------------------
     0 | D:1      | siradein the Demonspawn Cinder Acolyte began the quest for
                  | the Orb.
     0 | D:1      | Reached XP level 1. HP: 18/18 MP: 2/2
   185 | D:1      | Found Macim's Magic Scroll Shop.
   278 | D:1      | Gained mutation: A weak demonic guardian rushes to your
                  | aid. [demonic ancestry]
   278 | D:1      | Reached XP level 2. HP: 24/24 MP: 3/3
   885 | D:1      | Found Ara Toug's Antique Weapon Shop.
   996 | D:1      | Found Renocig's Assorted Antiques.
  1022 | D:1      | Found Gyixutakk's Jewellery Emporium.
  1122 | D:1      | Gained mutation: You are partially covered in thin metallic
                  | scales. (AC +2) [demonic ancestry]
  1122 | D:1      | Reached XP level 3. HP: 29/29 MP: 4/4
  1126 | D:1      | Found a faded altar of an unknown god.
  1328 | D:1      | Found Xeyge's Book Shoppe.
  1655 | D:2      | Reached skill level 1 in Invocations
  1917 | D:2      | Found a sparkling altar of Nemelex Xobeh.
  1932 | D:2      | Reached skill level 4 in Fighting
  1932 | D:2      | Gained mutation: You are mostly covered in thin metallic
                  | scales. (AC +3) [demonic ancestry]
  1932 | D:2      | Reached XP level 4. HP: 27/37 MP: 5/5
  2482 | D:3      | Reached XP level 5. HP: 35/42 MP: 6/6
  2610 | D:3      | Noticed Sigmund
  2613 | D:3      | Noticed Ijyb
  2623 | D:3      | Killed Sigmund
  2624 | D:3      | Gained mutation: You sometimes gain a little power by
                  | taking damage. [demonic ancestry]
  2624 | D:3      | Reached XP level 6. HP: 29/50 MP: 8/8
  2628 | D:3      | Killed Ijyb
  2999 | D:3      | Noticed Jessica
  2999 | D:3      | Noticed a +0 dagger
  3000 | D:3      | Noticed a +0 falchion
  3001 | D:3      | Killed Jessica
  3002 | D:3      | Noticed a +0 spear
  3002 | D:3      | Noticed a +0 dagger
  3002 | D:3      | Noticed a +0 spear
  3003 | D:3      | Noticed a +0 short sword
  3004 | D:3      | Noticed a +0 falchion
  3014 | D:3      | Found a hide-covered altar of Uskayaw.
  3015 | D:3      | Noticed a +0 short sword
  3025 | D:3      | Found a blossoming altar of Fedhas.
  3063 | D:3      | Found Widoru's General Store.
  3459 | D:4      | Reached skill level 5 in Fighting
  3694 | D:4      | Found a shadowy altar of Dithmenos.
  3883 | D:4      | Reached skill level 5 in Invocations
  3883 | D:4      | Gained mutation: You have large cloven feet. [demonic
                  | ancestry]
  3883 | D:4      | Reached XP level 7. HP: 48/56 MP: 10/10
  3944 | D:4      | Found a shimmering altar of Xom.
  4027 | D:4      | Reached skill level 5 in Maces & Flails
  4507 | D:4      | Found a sacrificial altar of Ru.
  4685 | D:5      | Entered Level 5 of the Dungeon
  4759 | D:5      | Found a staircase to the Ecumenical Temple.
  4788 | D:5      | Reached skill level 6 in Fighting
  5106 | D:5      | Found a runed translucent door.
  5106 | D:5      | Noticed SensoryNuts's ghost (novice GrFi)
  5276 | D:5      | Gained mutation: You have hoof-like feet. [demonic
                  | ancestry]
  5276 | D:5      | Reached XP level 8. HP: 34/64 MP: 12/12
  5628 | D:6      | Noticed Edmund
  5669 | D:6      | Killed Edmund
  6336 | D:6      | Reached skill level 7 in Fighting
  7356 | D:6      | Noticed Eustachio
  7399 | D:6      | Killed Eustachio
  7827 | D:7      | Gained mutation: A demonic guardian rushes to your aid.
                  | [demonic ancestry]
  7827 | D:7      | Reached XP level 9. HP: 72/72 MP: 15/15
  7879 | D:7      | Reached skill level 1 in Armour
  7943 | D:7      | Noticed a boulder beetle
  7973 | D:7      | Killed a boulder beetle
  7974 | D:7      | Reached skill level 8 in Fighting
  8921 | D:7      | Found Diqudyer's Assorted Antiques.
  9020 | D:7      | Bought a scroll of identify for 46 gold pieces
  9020 | D:7      | Bought a scroll of identify for 46 gold pieces
  9060 | D:7      | Found a radiant altar of Vehumet.
  9158 | D:7      | Reached skill level 10 in Invocations
  9509 | D:7      | Found an opulent altar of Gozag.
  9757 | D:7      | Reached XP level 10. HP: 69/82 MP: 14/17
 10201 | D:8      | Reached skill level 9 in Fighting
 10777 | D:8      | Found Lonkayng's Serpentskin Sales.
 10790 | D:8      | Reached skill level 5 in Armour
 11389 | D:9      | Identified the +2 plate armour of Puuz {rPois rF- rN++
                  | Str+4}
 12310 | D:9      | Noticed Erica
 12333 | D:9      | Killed Erica
 12334 | D:9      | Reached skill level 10 in Fighting
 12556 | D:9      | Found a staircase to the Lair.
 12932 | D:10     | Entered Level 10 of the Dungeon
 12992 | D:10     | Gained mutation: You have hooves in place of feet. [demonic
                  | ancestry]
 12992 | D:10     | Reached XP level 11. HP: 69/90 MP: 14/18
 13378 | D:10     | Noticed Maggie
 13383 | D:10     | Killed Maggie
 13925 | D:11     | Noticed a two-headed ogre
 13932 | D:11     | Killed a two-headed ogre
 14437 | D:11     | Noticed a five-headed hydra
 14442 | D:11     | Killed a five-headed hydra
 14443 | D:11     | Reached skill level 10 in Maces & Flails
 14548 | D:11     | Noticed a boulder beetle
 14563 | D:11     | Reached skill level 11 in Fighting
 14578 | D:11     | Killed a boulder beetle
 14953 | D:11     | Identified a scroll of acquirement
 14954 | D:11     | Acquired 804 gold pieces
 15139 | D:1      | Bought the amulet of Egalitarianism {Reflect rF+ SH+5} for
                  | 616 gold pieces
 15139 | D:1      | Bought the ring of the Shouting Gods {rF+ rC+ SInv} for 604
                  | gold pieces
 15370 | Lair:1   | Entered Level 1 of the Lair of Beasts
 17041 | Lair:1   | Reached XP level 12. HP: 22/100 MP: 19/19
 17689 | Lair:2   | Reached skill level 12 in Fighting
 17873 | Lair:2   | Found a staircase to the Swamp.
 18514 | Lair:2   | Found a hole to the Spider Nest.
 19214 | Lair:3   | Noticed Amaemon
 20031 | Lair:3   | Killed Amaemon
 20787 | Lair:4   | Noticed Nessos
 20799 | Lair:4   | Killed Nessos
 20800 | Lair:4   | Reached skill level 13 in Fighting
 20808 | Lair:4   | Reached skill level 10 in Armour
 20808 | Lair:4   | Reached XP level 13. HP: 84/111 MP: 20/20
 21111 | Lair:4   | Found a viscous altar of Jiyva.
 21111 | Lair:4   | Found a staircase to the Slime Pits.
 21129 | Lair:4   | You fall into a shaft and drop 1 floor!
 21129 | Lair:5   | Entered Level 5 of the Lair of Beasts
 21147 | Lair:5   | Found a frozen archway.
 21175 | IceCv    | Entered an ice cave
 21198 | IceCv    | Found a transporter.
 21216 | IceCv    | Found a transporter.
 21605 | Lair:4   | Identified the +1 war axe of Sudden Death {flame, *Corrode
                  | rElec rPois}
 21758 | Lair:4   | Fell from the grace of Ignis
 21758 | Lair:4   | Became a worshipper of Jiyva Jookhlu the Shapeless
 22183 | Lair:4   | Noticed Rupert
 22227 | Lair:4   | Killed Rupert
 23019 | D:5      | Killed SensoryNuts's ghost
 23455 | Lair:5   | Reached * piety under Jiyva
 24020 | Lair:5   | Reached skill level 14 in Fighting
 24092 | Lair:5   | Reached ** piety under Jiyva
 24892 | D:12     | Reached XP level 14. HP: 109/120 MP: 22/22
 25013 | D:12     | Found a staircase to the Orcish Mines.
 25205 | D:12     | Reached *** piety under Jiyva
 25366 | D:12     | Found a transporter.
 25377 | D:12     | Noticed gdog's ghost (journeyman GnDe)
 25575 | D:12     | Found the +5 glaive of the Guard {elec, spectral, AC+5}
 25616 | D:12     | Reached **** piety under Jiyva
 25674 | D:12     | Acquired a manual of Maces & Flails
 25889 | D:12     | Noticed a frost giant
 25903 | D:12     | Killed a frost giant
 25970 | D:12     | Identified the +2 leather armour of Kemaucus {rC+ Str+5}
 26167 | D:12     | Gained mutation: Your melee attacks may engulf your foes in
                  | ooze. [Jiyva's grace]
 26167 | D:12     | Gained mutation: Armour fits poorly on your pseudopods.
                  | [Jiyva's grace]
 26167 | D:12     | Gained mutation: Armour fits poorly on your large
                  | pseudopods. [Jiyva's grace]
 26167 | D:12     | Gained mutation: Armour fits poorly on your massive
                  | pseudopods. [Jiyva's grace]
 26369 | D:12     | Found a transporter.
 26683 | D:12     | Gained mutation: Your spells are a little easier to cast,
                  | but a little less powerful. [a neqoxec]
 26685 | D:12     | Gained mutation: You occasionally shout uncontrollably at
                  | your foes. [a neqoxec]
 26699 | D:12     | Killed gdog's ghost
 26704 | D:12     | Got the ring "Tokh" {rN+ Int+6}
 26748 | Orc:1    | Entered Level 1 of the Orcish Mines
 26777 | Orc:2    | Entered Level 2 of the Orcish Mines
 26777 | Orc:2    | Found a staircase to the Elven Halls.
 26783 | Orc:2    | Noticed Donald
 26901 | Orc:1    | HP: 1/121 [Donald/+2 demon trident of electrocution (16)]
 26905 | Orc:1    | Slain by Donald

Illustrated notes

Levels and vault maps discovered:
D:1:      kennysheep_arrival_seaside, layout_basic, serial_shops, shop, shop,
          nicolae_shop_hallway_plus, nicolae_shop_behind_doors, shop_fountains,
          chequers_ecumenical_altar_island, grunt_decor_one_mirror,
          nicolae_wormholes
D:2:      layout_basic, basic_altar
D:3:      layout_basic, nicolae_uskayaw_en_pointe, fedhas_altar_1, serial_shops,
          nicolae_shop_stone, uniq_ijyb, uniq_jessica, uniq_sigmund
D:4:      layout_cave_pools, grunt_dithmenos_smoke, marbit_many_paths,
          xom_butterflies
D:5:      layout_cave_pools, minmay_temple_entry_gardened_gates,
          ebering_ghost_inner_flame, hellmonk_bongcloud_opening
D:6:      layout_basic, minmay_misc_feat_room, skrybe_limestone_x,
          uniq_eustachio, uniq_edmund
D:7:      hangedman_cross_stitches, layout_loops_corners, grunt_gozag_statues,
          mainiacjoe_overflow_surrounded_room, serial_shops, shop_fountains,
          roderic_st_hans_cross
D:8:      layout_loops_cross, amethyst_killhole, grunt_ministairs_6,
          minmay_liquid_box, guppyfry_shop_venom
D:9:      layout_stronghold, lair_entry_dummy,
          hangedman_abyss_or_decor_jellyfish_corner, minmay_variable_closet,
          uniq_erica
D:10:     layout_roguey, uniq_maggie
D:11:     layout_basic
D:12:     minmay_guarded_unrand_guard, layout_layer_cave, erik_orc_4,
          gammafunk_ghost_stat_death, minivault_15, grunt_livestock
Lair:1:   layout_layer_cave, serial_bayou_ford_a, serial_bayou_shore_b,
          serial_bayou_shore_b
Lair:2:   layout_cave_pods, skrybe_swamp_entry_bodies, spider_nest_entry_rubble,
          lemuel_fruit_tree
Lair:3:   layout_long_grid, lemuel_fruit_fields, grunt_megastairs_1,
          uniq_amaemon
Lair:4:   layout_layer_cave, slime_entry_1, grunt_megastairs_2, uniq_rupert,
          uniq_nessos
Lair:5:   minmay_lair_end_enchanted_forest, layout_gridlike,
          portal_ice_cave_entry_pillars_1, serial_bayou_shore_b, uniq_urug
Orc:1:    layout_diamond_mine
Orc:2:    grunt_orc_cross, layout_diamond_mine, ebering_ghost_gozag,
          serial_shops, nicolae_shop_statue_plus, uniq_donald

Skill      XL: |  1  2  3  4  5  6  7  8  9 10 11 12 13 14 |
---------------+-------------------------------------------+-----
Maces & Flails | 3 4 5 6 7 9 10 12 13 | 13.7
Invocations    | 1 2 3 5 6 8 10 11 12 | 12.6
Fighting       | 4 5 6 7 8 10 11 13 14 | 14.6
Armour         | 3 6 8 10 11 | 11.7
Spellcasting   | |  1.0
Fire Magic     | |  2.6

Action                   |  1- 3 |  4- 6 |  7- 9 | 10-12 | 13-15 || total
-------------------------+-------+-------+-------+-------+-------++-------
Melee: Mace              |   116 |   128 |   115 |       |       ||   359
       Punch             |     1 |       |     7 |     6 |     8 ||    22
       Flail             |       |       |   250 |   268 |       ||   518
       Morningstar       |       |       |       |   326 |       ||   326
       Kick              |       |       |       |   145 |   292 ||   437
       Demon whip        |       |       |       |    62 |   790 ||   852
       Pseudopods        |       |       |       |       |    14 ||    14
 Fire: Arbalest          |       |       |       |       |     8 ||     8
Throw: Throwing net      |       |       |       |     1 |       ||     1
       Dart              |       |       |       |       |     1 ||     1
Invok: Fiery Armour      |       |     1 |     5 |     3 |     2 ||    11
       Rising Flame      |       |       |       |     1 |       ||     1
       Slimify           |       |       |       |       |     2 ||     2
Evoke: Wand              |       |       |       |       |     2 ||     2
  Use: Potion            |     1 |       |       |       |     1 ||     2
       Scroll            |       |     3 |     9 |    11 |    13 ||    36
 Stab: Distracted        |       |       |     1 |       |     1 ||     2
Armor: Robe              |    14 |       |       |       |       ||    14
       Leather armour    |    25 |       |    68 |       |       ||    93
       Chain mail        |     8 |   118 |   184 |       |       ||   310
       Plate armour      |       |       |    61 |   473 |   374 ||   908
       Ice dragon scales |       |       |       |       |    20 ||    20
Dodge: Dodged            |    89 |    55 |   132 |   231 |   208 ||   715
Block: Other             |       |       |       |    74 |   115 ||   189
       Buckler           |       |       |       |       |    15 ||    15
       Reflection        |       |       |       |       |     2 ||     2

Table legend: (Time is in decaauts)
 A = Elapsed time spent in this place.
 B = Non-inter-level travel time spent in this place.
 C = Inter-level travel time spent in this place.
 D = Time resting spent in this place.
 E = Time spent auto-exploring this place.
 F = Levels seen in this place.
 G = Mean time per level.
                   A        B        C        D        E       F      G
               +--------+--------+--------+--------+--------+-----+--------+
         Total |  26622 |  24989 |   1633 |   1557 |  19685 |  20 | 1331.1 |
       Dungeon |  17628 |  16440 |   1188 |   1066 |  12883 |  12 | 1469.0 |
          Lair |   8518 |   8080 |    438 |    491 |   6519 |   5 | 1703.6 |
  Orcish Mines |    146 |    140 |      6 |      0 |     85 |   2 |   73.0 |
      Ice Cave |    328 |    328 |      0 |      0 |    198 |   1 |  328.0 |
               +--------+--------+--------+--------+--------+-----+--------+

Top non-repeatable levels by time:
     D:6: 2495 daAuts
     D:7: 2032 daAuts
  Lair:1: 2013 daAuts
  Lair:2: 2001 daAuts
     D:9: 1815 daAuts
    D:12: 1763 daAuts
     D:1: 1745 daAuts
  Lair:4: 1635 daAuts
  Lair:3: 1606 daAuts
     D:8: 1413 daAuts
     D:4: 1284 daAuts
  Lair:5: 1262 daAuts
    D:11: 1075 daAuts
     D:5: 1047 daAuts
    D:10: 1040 daAuts
